Map: Reclamation LE

Players

Hardvision

  • Race: Terran Terran
  • League: Grandmaster
  • Spawn Location: 6:00

fris

  • Race: Terran Terran
  • League: Master
  • Spawn Location: 5:00

A.I. 3 (Elite) - Winner!

  • Race: Protoss Protoss
  • Spawn Location: 12:00

A.I. 4 (Elite) - Winner!

  • Race: Terran Terran
  • Spawn Location: 11:00

VOD

Have the link to the VOD?

Description

Time

  • Played on: June 11, 2026, 11:42 a.m.
  • Length: 6:23
Show
View Real Time Build Order
Export as new Build Order

Hardvision Terran 

Build Orders: Reaper Expand 

Get SALT Encoding   

  12  0:00  SCV  
  13  0:12  SCV  
  14  0:17  Supply Depot  
  14  0:25  SCV  
  15  0:38  SCV  
  15  0:40  Barracks  
  16  0:44  Refinery  
  16  0:50  SCV  
  17  1:03  SCV  
  18  1:15  SCV  
  19  1:27  Reaper  
  19  1:28  Orbital Command  
  20  1:39  Command Center  
  20  1:51  Supply Depot  
  20  1:53  SCV  
  21  1:59  Barracks Reactor  
  21  2:05  SCV  
  22  2:16  Barracks  
  22  2:18  SCV  
  22  2:19  Barracks  
  23  2:30  SCV  
  23  2:37  Marine x2  
  24  2:42  SCV  
  27  2:52  Orbital Command  
  27  2:54  SCV  
  27  2:56  Marine x2  
  30  3:05  Barracks Tech Lab  
  30  3:06  Barracks Tech Lab  
  30  3:07  Engineering Bay  
  30  3:09  SCV  
  31  3:13  Marine x2  
  31  3:15  Supply Depot  
  31  3:19  SCV  
  34  3:21  SCV  
  34  3:23  Stimpack  
  35  3:28  Marine x2  
  35  3:31  SCV, Marine  
  35  3:33  SCV  
  40  3:35  Terran Infantry Weapons Level 1  
  40  3:38  Refinery  
  40  3:39  Marine  
  41  3:43  SCV  
  41  3:44  Supply Depot  
  41  3:45  SCV  
  41  3:46  Marine  
  44  3:52  Marine  
  44  3:54  Combat Shield  
  46  3:55  SCV  
  46  3:57  SCV  
  47  4:07  Marauder, Supply Depot, SCV  
  47  4:08  Marine  
  47  4:09  Marauder  
  53  4:10  Marine  
  53  4:11  SCV  
  55  4:19  SCV  
  55  4:23  SCV  
  57  4:26  Marine  
  57  4:28  Marine, Marauder  
  57  4:31  Marauder, Supply Depot  
  63  4:32  SCV  
  63  4:35  SCV  
  63  4:37  Factory  
  65  4:41  Refinery  
  65  4:43  Marine  
  65  4:44  SCV  
  67  4:46  Marine  
  67  4:48  SCV  
  67  4:49  Marine  
  67  4:52  Marine  
  71  4:56  SCV  
  71  4:58  Supply Depot  
  72  5:00  SCV  
  72  5:01  Marine  
  72  5:03  Marine  
  75  5:08  Barracks, SCV  
  75  5:09  Marine, Barracks  
  75  5:10  Marine  
  78  5:17  Supply Depot  
  78  5:20  Marine, SCV x2  
  81  5:21  Starport  
  81  5:23  Factory Reactor  
  80  5:29  Marine x2  
  80  5:30  Supply Depot  
  80  5:31  Marine  
  80  5:32  SCV x2  
  85  5:40  Marine  
  84  5:47  Marine x2, SCV x2  
  84  5:49  Marine  
  85  5:56  Supply Depot  
  85  5:59  SCV  
  85  6:00  Supply Depot  
Show
View Real Time Build Order
Export as new Build Order

fris Terran 

Build Orders: Reaper Expand 

Get SALT Encoding   

  12  0:00  SCV  
  13  0:12  SCV  
  14  0:20  Supply Depot  
  14  0:24  SCV  
  15  0:42  SCV  
  16  0:43  Barracks  
  16  0:47  Refinery  
  16  0:54  SCV  
  17  1:06  SCV  
  18  1:18  SCV  
  19  1:31  Reaper, Orbital Command  
  20  1:42  Command Center  
  20  1:52  Supply Depot  
  20  1:57  SCV  
  21  2:03  Barracks Reactor  
  21  2:09  SCV  
  22  2:16  Barracks  
  22  2:23  SCV  
  22  2:27  Barracks  
  23  2:35  SCV  
  24  2:41  Marine  
  24  2:43  Marine  
  26  2:47  SCV  
  27  2:56  Orbital Command  
  27  2:59  Marine, SCV  
  27  3:01  Marine  
  27  3:04  Barracks Tech Lab  
  29  3:07  Engineering Bay  
  29  3:11  SCV  
  30  3:16  Supply Depot  
  30  3:17  Marine, Barracks Tech Lab  
  30  3:19  Marine  
  32  3:23  SCV  
  32  3:24  SCV  
  34  3:27  Stimpack  
  34  3:30  Marine  
  35  3:35  Terran Infantry Weapons Level 1, SCV  
  35  3:36  SCV, Marine  
  35  3:38  Marine  
  39  3:44  Refinery  
  39  3:47  Supply Depot  
  39  3:49  SCV x2  
  39  3:52  Marine  
  39  3:53  Marine  
  43  3:57  Combat Shield  
  43  4:01  SCV x2  
  45  4:03  Marine x2  
  47  4:11  Marauder, Supply Depot  
  47  4:16  Marauder  
  51  4:21  Marine x2  
  51  4:22  SCV  
  51  4:23  SCV  
  55  4:34  Supply Depot  
  55  4:35  SCV  
  55  4:36  SCV  
  55  4:37  Factory  
  57  4:43  Refinery  
  57  4:46  Marine x2  
  57  4:47  Marine x2, SCV  
  57  4:51  SCV  
  63  4:58  Supply Depot  
  63  4:59  SCV  
  64  5:10  SCV  
  64  5:11  SCV  
  66  5:15  Concussive Shells  
  66  5:17  Barracks  
  66  5:19  Barracks  
  66  5:21  Marine x4, Supply Depot  
  67  5:22  SCV  
  67  5:26  Factory Reactor  
  67  5:27  Starport  
  71  5:35  Supply Depot  
  71  5:39  Marine x4  
  70  5:56  Marine  
  70  5:57  Marine  
  70  5:59  Marine x2  
  70  6:00  SCV x2  
  77  6:15  Barracks Reactor x2  
Show
View Real Time Build Order
Export as new Build Order

A.I. 3 (Elite) Protoss - Winner!

Build Orders:  

Get SALT Encoding   

  12  0:01  Probe  
  13  0:13  Probe  
  14  0:19  Pylon  
  14  0:25  Probe  
  15  0:33  Probe  
  15  0:40  Gateway  
  15  0:41  Probe  
  16  0:47  Assimilator  
  17  0:51  Probe  
  18  0:59  Probe  
  18  1:00  Pylon  
  19  1:08  Probe  
  19  1:18  Probe  
  21  1:29  Zealot  
  21  1:30  Probe  
  21  1:31  Cybernetics Core  
  24  1:42  Probe  
  25  1:56  Gateway, Zealot  
  25  1:58  Probe, Pylon  
  27  2:25  Nexus  
  27  2:28  Probe  
  28  2:31  Warp Gate  
  28  2:40  Probe, Assimilator  
  29  2:45  Adept  
  30  2:52  Probe  
  30  2:57  Zealot  
  31  3:04  Probe  
  32  3:07  Zealot  
  30  3:16  Probe  
  32  3:23  Adept  
  34  3:27  Probe  
  34  3:32  Stalker  
  35  3:35  Probe  
  35  3:37  Probe  
  35  3:39  Pylon  
  39  3:43  Probe  
  40  3:49  Probe  
  40  3:54  Probe  
  42  3:57  Robotics Facility  
  42  4:01  Adept  
  44  4:03  Probe  
  44  4:06  Probe  
  46  4:10  Adept  
  46  4:11  Probe  
  49  4:19  Probe x2  
  51  4:30  Probe  
  51  4:31  Pylon, Probe  
  53  4:38  Adept  
  53  4:42  Probe  
  53  4:45  Immortal, Stalker  
  60  4:51  Probe, Pylon  
  63  4:54  Probe  
  63  4:59  Stalker  
  66  5:03  Probe  
  66  5:06  Probe  
  68  5:07  Robotics Facility  
  68  5:10  Stalker  
  70  5:17  Probe  
  70  5:20  Probe  
  71  5:24  Immortal  
  76  5:29  Twilight Council  
  76  5:36  Pylon  
  76  5:39  Probe  
  76  5:42  Zealot  
  51  6:00  Zealot  
  53  6:07  Probe  
  53  6:08  Templar Archives  
  53  6:09  Assimilator, Probe  
  55  6:12  Assimilator, Adept  
  55  6:15  Gateway  
Show
View Real Time Build Order
Export as new Build Order

A.I. 4 (Elite) Terran - Winner!

Build Orders:  

Get SALT Encoding   

  12  0:01  SCV  
  13  0:13  SCV  
  14  0:18  Supply Depot  
  14  0:25  SCV  
  15  0:29  Refinery  
  15  0:39  SCV  
  16  0:48  Barracks  
  16  0:52  SCV  
  17  1:04  SCV  
  18  1:16  SCV  
  19  1:34  Orbital Command  
  19  1:35  Marine  
  19  1:38  Supply Depot  
  20  1:41  Factory  
  20  1:51  Barracks  
  20  1:54  Marine  
  20  2:00  SCV  
  22  2:13  Barracks Tech Lab  
  22  2:15  SCV  
  22  2:23  Supply Depot  
  22  2:25  Hellion  
  22  2:27  SCV  
  25  2:32  Marauder, Concussive Shells  
  27  2:42  Barracks Tech Lab  
  27  2:47  Hellion  
  27  2:51  SCV  
  30  2:53  Marauder  
  32  3:00  Marauder  
  32  3:03  Supply Depot  
  34  3:08  Hellion  
  36  3:14  Marauder  
  38  3:25  Marauder  
  40  3:29  Hellion  
  40  3:30  Supply Depot  
  40  3:32  SCV  
  42  3:36  Refinery  
  42  3:41  Marine  
  42  3:45  SCV  
  44  3:52  Starport  
  44  3:55  Marine  
  44  3:57  SCV  
  44  3:59  Marine  
  47  4:09  SCV  
  48  4:13  Marine  
  48  4:17  Marine  
  49  4:21  SCV  
  49  4:23  Stimpack  
  51  4:30  Medivac  
  51  4:31  Marine  
  53  4:34  Marine  
  53  4:36  Supply Depot  
  55  4:54  Engineering Bay  
  55  4:57  Marine  
  55  4:58  Marauder  
  58  5:01  Supply Depot  
  58  5:08  Command Center  
  58  5:15  Marine  
  58  5:20  Marine  
  60  5:33  Marauder  
  62  5:38  Marauder  
  64  5:45  Supply Depot  
  29  5:59  Marauder  
Tags
 
Add a new tag
Caveats
  • Supply blocks, unpowered buildings, or Contaminate may cause inaccurate times.
  • Supply counts are checked every 10 seconds.